 Dungeon Crawl Stone Soup version 0.30-a0-726-gd89dcf765f (webtiles) character file.

Game seed: 8830800723099748800

76 jimonade the Cutter (level 4, 0/23 HPs)
             Began as a Vine Stalker Gladiator on Jan 29, 2023.
             Slain by Crazy Yiuf
             ... wielding a +3 quarterstaff of chaos
              (6 damage)
             ... on level 2 of the Dungeon.
             The game lasted 00:02:30 (1762 turns).

jimonade the Cutter (Vine Stalker Gladiator)        Turns: 1762, Time: 00:02:31

Health: 0/23       AC:  7    Str: 17    XL:     4   Next: 32%
Magic:  0/5        EV: 11    Int:  8    God:
Gold:   94         SH:  0    Dex: 17    Spells: 3/3 levels left

rFire   + . .      SeeInvis .    b - +0 whip (venom)
rCold   + . .      Faith    .    (no shield)
rNeg    . . .      Spirit   +    k - +0 ring mail
rPois   +          Reflect  .    c - +0 helmet
rElec   +          Harm     .    (no cloak)
rCorr   +          Rampage  .    n - +0 pair of gloves
Will    .....                    (no boots)
Stlth   +                        (no amulet)
HPRegen 1.03/turn                s - ring of poison resistance
MPRegen 0.09/turn                (no ring)

@: resistant
A: fangs 2, regeneration 1, magic shield, antimagic bite, no potion heal 2
a: no special abilities


You were on level 2 of the Dungeon.
You visited 1 branch of the dungeon, and saw 2 of its levels.

You collected 94 gold pieces.

Inventory:

Hand Weapons
 a - a +0 rapier
 b - a +0 whip of venom (weapon)
Missiles
 d - 3 throwing nets (quivered)
 e - a javelin
Armour
 c - a +0 helmet (worn)
 k - a +0 ring mail (worn)
 n - a +0 pair of gloves (worn)
 p - a +0 leather armour
Jewellery
 s - a ring of poison resistance (left hand)
Scrolls
 f - a scroll of fog {unknown}
 g - 4 scrolls of identify {unknown}
 l - a scroll of magic mapping {unknown}
 q - a scroll of butterflies {unknown}
Potions
 h - 2 potions of resistance {unknown}
 i - 3 potions of curing {unknown}
 j - a potion of magic {unknown}
 m - a potion of berserk rage
 o - a potion of ambrosia {unknown}
 r - a potion of degeneration {unknown}


   Skills:
 - Level 1.7 Fighting
 + Level 4.5 Short Blades
 - Level 1.7 Throwing
 - Level 2.4 Dodging


You had 3 spell levels left.
You didn't know any spells.
Your spell library was empty.

Dungeon Overview and Level Annotations

Branches:
Dungeon (2/15)

Altars:
The Shining One

Shops:
D:1 [   D:2 (

Annotations:
D:2 Crazy Yiuf


Innate Abilities, Weirdness & Mutations

You have extremely sharp teeth.
Your natural rate of healing is unusually fast.
When hurt, damage is shared between your health and your magic reserves.
Your bite disrupts and absorbs the magic of your enemies.
Potions cannot restore your health.


Message History

Crazy Yiuf screams, "Key!"
Things that are here:
a +0 spear; a gnoll corpse
Items here: ( ))) †.
A rat comes into view.
A rat is nearby!
The rat barely misses you.
You hit the rat but do no damage. You bite the rat. You drain its power.
The rat is heavily wounded.
The rat bites you but does no damage. The rat misses you.
You hit the rat.
You kill the rat!
No target in view!
No target in view!
You see here a rat corpse.
You see here a +0 leather armour.
Key pressed, stopping explore.
Found a stone staircase leading down.
Items here: ( ))) †.
Things that are here:
a +0 spear; a gnoll corpse You see here a +0 club.
Crazy Yiuf shouts!
s - a ring of poison resistance (left hand)
You open the door. You barely miss Crazy Yiuf.
Crazy Yiuf completely misses you.
You barely miss Crazy Yiuf. Your bite misses Crazy Yiuf.
Crazy Yiuf hits you but does no damage.
You feel protected.
You hit Crazy Yiuf but do no damage.
Crazy Yiuf is poisoned.
You bite Crazy Yiuf, but do no damage.
Crazy Yiuf cries, "Citrus!"
Crazy Yiuf drinks a potion.
Crazy Yiuf goes berserk!
You whack Crazy Yiuf!
Crazy Yiuf looks as sick as possible!
Crazy Yiuf is moderately wounded.
Crazy Yiuf hits you with a +3 quarterstaff of chaos!!
Ouch! That really hurt!
* * * LOW HITPOINT WARNING * * *
Crazy Yiuf hits you with a +3 quarterstaff of chaos!
You die...

#....###.#
#.# #....#
### #.#
♣....♣ #.#
♣♣...♣ #.#
♣♣.♣♣ #.#
♣♣.♣ #.#
♣.♣♣ #.#
♣♣.♣ #.#
♣@♣♣ #.#
#g# #.#
... #.#
#...#
#.####
#)..#
#....#
#####
####.#
##.##
#....
#####


You could see Crazy Yiuf (berserk, extremely poisoned).

Vanquished Creatures
  An adder (D:2)
  4 gnolls (D:2)
  A ball python (D:2)
  3 giant cockroaches
  A goblin (D:2)
  4 hobgoblins
  2 jackals (D:2)
  2 quokkas (D:2)
  3 bats
  2 kobolds (D:2)
  6 rats
29 creatures vanquished.

Vanquished Creatures (others)
  8 plants (D:2)
8 creatures vanquished.

Grand Total: 37 creatures vanquished

Notes
Turn   | Place    | Note
-------+----------+-------------------------------------------
     0 | D:1      | jimonade the Vine Stalker Gladiator began the quest for the
                  | Orb.
     0 | D:1      | Reached XP level 1. HP: 11/11 MP: 2/2
    44 | D:1      | Found Qappyo Yluc's Antique Armour Boutique.
    46 | D:1      | Found a faded altar of an unknown god.
   261 | D:1      | Reached skill level 3 in Short Blades
   403 | D:1      | Reached XP level 2. HP: 15/15 MP: 3/3
   699 | D:2      | Found Jiyqi's Weapon Shop.
  1200 | D:2      | Found a glowing golden altar of the Shining One.
  1289 | D:2      | Reached XP level 3. HP: 18/18 MP: 4/4
  1530 | D:2      | Reached skill level 4 in Short Blades
  1537 | D:2      | Gained mutation: Your natural rate of healing is unusually
                  | fast. [Vine Stalker growth]
  1537 | D:2      | Reached XP level 4. HP: 8/23 MP: 2/5
  1585 | D:2      | Found a runed translucent door.
  1586 | D:2      | Noticed Crazy Yiuf
  1762 | D:2      | Slain by Crazy Yiuf

Illustrated notes

Levels and vault maps discovered:
D:1:      kennysheep_arrival_seaside, layout_basic, serial_aquarium,
          aquarium_bridge_square [aquarium_subvault_bridge,
          aquarium_subvault_bridge, aquarium_subvault_window,
          aquarium_subvault_bridge], aquarium_window_1, aquarium_window_2,
          aquarium_window_fake, aquarium_window_1, aquarium_view_2c,
          aquarium_view_2c, aquarium_balcony_3b, serial_shops, shop,
          basic_ecumenical_altar, dreamdust_wishing_well
D:2:      cheibrodos_old_hovel, layout_basic, basic_altar, serial_shops, shop,
          uniq_crazy_yiuf_cottage

Skill      XL: |  1  2  3 |
---------------+----------+-----
Short Blades   | 3 4 |  4.5
Fighting       | |  1.7
Throwing       | |  1.7
Dodging        | |  2.4

Action                     |  1- 3 |  4- 6 || total
---------------------------+-------+-------++-------
  Melee: Rapier            |    53 |       ||    53
         Bite              |    22 |     3 ||    25
         Punch             |     1 |       ||     1
         Whip              |    31 |    10 ||    41
 Armour: Ring mail         |    30 |     3 ||    33
         Leather armour    |     6 |       ||     6
  Dodge: Dodged            |    54 |     4 ||    58

Table legend: (Time is in decaauts)
 A = Elapsed time spent in this place.
 B = Non-inter-level travel time spent in this place.
 C = Inter-level travel time spent in this place.
 D = Time resting spent in this place.
 E = Time spent auto-exploring this place.
 F = Levels seen in this place.
 G = Mean time per level.
                   A        B        C        D        E       F      G
               +--------+--------+--------+--------+--------+-----+--------+
         Total |   1769 |   1707 |     62 |    248 |   1154 |   2 |  884.5 |
       Dungeon |   1769 |   1707 |     62 |    248 |   1154 |   2 |  884.5 |
               +--------+--------+--------+--------+--------+-----+--------+

Top non-repeatable levels by time:
     D:2: 1096 daAuts
     D:1: 673 daAuts
